 Dungeon Crawl Stone Soup version 0.15.2 (webtiles) character file.

37 glosham the Skirmisher (level 3, -4/58 HPs)
             Began as an Ogre Arcane Marksman on Apr 9, 2017.
             Slain by a worker ant (6 damage)
             ... on Level 3 of the Dungeon.
             The game lasted 00:11:07 (438 turns).

glosham the Skirmisher (Ogre Arcane Marksman)        Turns: 438, Time: 00:11:07

HP  -4/58        AC  3     Str 21      XL: 3   Next: 39%
MP   4/4         EV 10     Int 12      God:
Gold 28          SH  0     Dex 10      Spells:  1 memorised,  3 levels left

rFire  . . .     SeeInvis .     a - +2 short sword (speed)
rCold  . . .     Clarity  .     e - +0 robe
rNeg   . . .     rCorr    .     (shield restricted)
rPois  .         rRot     .     (helmet restricted)
rElec  .         Spirit   .     (no cloak)
SustAb .         Warding  .     (gloves unavailable)
rMut   .         Stasis   .     (boots unavailable)
Gourm  .                        (no amulet)
MR     .....                    (no ring)
                                (no ring)

@: berserking, lethally poisoned, very quick, not resistant to hostile
enchantments, extremely unstealthy
A: unfitting armour, tough skin 1
a: no special abilities


You were on level 3 of the Dungeon.
You were not hungry.

You visited 1 branch of the dungeon, and saw 4 of its levels.

You collected 28 gold pieces.

Inventory:

Hand weapons
 a - a +2 short sword of speed (weapon)
Missiles
 h - 3 stones (quivered)
 l - 5 tomahawks of returning
Armour
 e - a +0 robe (worn)
Comestibles
 f - a meat ration
 g - a slice of pizza
 j - a bread ration
 k - 5 fruits
Scrolls
 m - a scroll of enchant armour {unknown}
Books
 d - a book of Debilitation

   Spells                             Type                      Level
   *Corona                            Hexes                        1
   Slow                               Hexes                        2
   Inner Flame                        Hexes/Fire                   3
   Enslavement                        Hexes                        4
   Cause Fear                         Hexes                        4
   Leda's Liquefaction                Hexes/Earth                  4


   Skills:
 - Level 4.2 Fighting
 * Level 2.1 Throwing
 - Level 1.7 Dodging
 - Level 1.2 Spellcasting
 - Level 2.1 Hexes


You had 3 spell levels left.
You knew the following spells:

 Your Spells              Type           Power        Failure   Level  Hunger
c - Corona                Hex            #......      14%         1    ##.....


Dungeon Overview and Level Annotations

Branches:
Dungeon (4/15)
 Temple: D:4-7

Altars:

Annotations:
D:4 Pikel


Innate Abilities, Weirdness & Mutations

You are too large for most types of armour.
You have tough skin (AC +1).


Message History

You slash the worker ant!
The worker ant is almost dead.
The giant gecko bites you but does no damage.
The worker ant struggles against the net.
You hit the worker ant but do no damage.
The worker ant is almost dead.
The giant gecko bites you.
The worker ant struggles against the net.
The net rips apart, and the worker ant comes free!
You closely miss the worker ant.
The worker ant is almost dead.
The giant gecko closely misses you. The worker ant bites you!
You are poisoned.
The worker ant poisons you!
You barely miss the worker ant.
The worker ant is almost dead.
You feel sick. The giant gecko closely misses you. The worker ant bites you.
* * * LOW HITPOINT WARNING * * *
You hit the worker ant.
The worker ant is almost dead.
* * * LOW HITPOINT WARNING * * *
You feel sick. The giant gecko bites you.
* * * LOW HITPOINT WARNING * * *
Drink which item? (? for menu, Esc to quit)
A red film seems to cover your vision as you go berserk!
You feel yourself moving faster!
You feel mighty!
It was a potion of berserk rage.
The worker ant bites you.
* * * LOW HITPOINT WARNING * * *
You are more poisoned.
The worker ant poisons you! The giant gecko bites you.
* * * LOW HITPOINT WARNING * * *
The worker ant closely misses you.
You barely miss the worker ant.
The worker ant is almost dead.
* * * LOW HITPOINT WARNING * * *
You feel sick.
You closely miss the worker ant.
The worker ant is almost dead.
The giant gecko closely misses you. The worker ant bites you.
You die...

# .. .!. #
##.## #.#
###...# #.#
§##..# #%#
§##.## #.#
§#...#####
#.#
§§......)#
#s#
##...###.#
###w##.#...#
##...##
#@ar........
..###.#
#l#........#
..# #.#
..S..#......
..###.#
###.###..?.#.
##....# #..
#.... ####..#
### ... #
#.....# # #
#.###.# . ...
#


You could see a worm, a worker ant, an adder, a giant gecko and a rat.

Vanquished Creatures
  2 adders
  4 giant cockroaches
  A hobgoblin (D:1)
  4 jackals (D:4)
  3 kobolds
  A ball python (D:2)
  A bat (D:3)
  2 giant newts
  3 rats
21 creatures vanquished.

Notes
Turn   | Place    | Note
--------------------------------------------------------------
     0 | D:1      | glosham, the Ogre Arcane Marksman, began the quest for the Orb.
     0 | D:1      | Reached XP level 1. HP: 19/19 MP: 2/2
    32 | D:1      | Reached skill level 2 in Fighting
    86 | D:1      | Reached XP level 2. HP: 21/29 MP: 0/3
   138 | D:2      | Reached skill level 3 in Fighting
   286 | D:4      | Reached skill level 4 in Fighting
   286 | D:4      | Reached XP level 3. HP: 32/39 MP: 0/4
   357 | D:4      | Noticed a slave
   358 | D:4      | Noticed a slave
   358 | D:4      | Noticed Pikel
   359 | D:4      | Noticed a slave
   361 | D:4      | Noticed a slave
   436 | D:3      | HP: 5/58 [worker ant (1)]
   437 | D:3      | HP: 2/58 [poisoned by a worker ant]
   438 | D:3      | Slain by a worker ant

Action                   || total
-------------------------++-------
Melee: Short sword       ||    57
       Unarmed           ||     5
Throw: Large rock        ||    10
       Throwing net      ||     4
       Tomahawk          ||     4
 Cast: Corona            ||    15
  Use: Scroll            ||     3
       Potion            ||     1

Table legend:
 A = Turns spent in this place as a percentage of turns spent in the entire game.
 B = Non-inter-level travel turns spent in this place as a percentage of non-inter-level travel turns spent in the entire game.
 C = Inter-level travel turns spent in this place as a percentage of turns spent in this place.
 D = Turns resting spent in this place as a percentage of non-inter-level travel turns spent in this place.
 E = Turns spent auto-exploring this place as a percentage of non-inter-level travel turns spent in this place.
 F = Non-inter-level travel turns spent in this place divided by the number of levels of this place that you've seen.
                   A       B       C       D       E      F
               +-------+-------+-------+-------+-------+----------------------
         Total | 100.0 | 100.0 |   0.0 |   0.0 |   0.0 | 102.5
       Dungeon | 100.0 | 100.0 |   0.0 |   0.0 |   0.0 | 102.5
               +-------+-------+-------+-------+-------+----------------------

Table legend:
 A = Kills in this place as a percentage of kills in entire the game.
 B = Kills by you in this place as a percentage of kills by you in the entire game.
 C = Kills by friends in this place as a percentage of kills by friends in the entire game.
 D = Other kills in this place as a percentage of other kills in the entire game.
 E = Experience gained in this place as a percentage of experience gained in the entire game.
 F = Experience gained in this place divided by the number of levels of this place that you have seen.
                   A       B       C       D       E      F
               +-------+-------+-------+-------+-------+----------------------
         Total | 100.0 | 100.0 |  -nan |  -nan | 100.0 |  13.2
       Dungeon | 100.0 | 100.0 |  -nan |  -nan | 100.0 |  13.2
               +-------+-------+-------+-------+-------+----------------------

Vault maps used:
D:1:      dpeg_arrival_shelter, serial_bayou_lake_a
D:2:      dk_noncrumbling_3, uniq_iyjb
D:4:      first_bread, grunt_ministairs_5, uniq_pikel
